 Dungeon Crawl Stone Soup version 0.28-a0-1039-g7a5fce4 (webtiles) character file.

Game seed: 15913974972062142835

32 Ayyar the Grasshopper (level 3, 0/28 HPs)
             Began as a Gnoll Wanderer on Dec 8, 2021.
             Was an Initiate of Gozag.
             Succumbed to an adder's poison
             ... on level 2 of the Dungeon.
             The game lasted 00:03:37 (1432 turns).

Ayyar the Grasshopper (Gnoll Wanderer)              Turns: 1432, Time: 00:03:38

Health: 0/28       AC:  2    Str: 15    XL:     3   Next: 25%
Magic:  7/7        EV: 11    Int: 11    God:    Gozag
Gold:   91         SH:  0    Dex:  9    Spells: 6/7 levels left

rFire   . . .      SeeInvis .   h - +0 spear
rCold   . . .      Faith    .   (no shield)
rNeg    . . .      Spirit   .   d - +0 robe
rPois   .          Reflect  .   (no helmet)
rElec   .          Harm     .   (no cloak)
rCorr   .          Rampage  .   (no gloves)
Will    .....                   (no boots)
Stlth   +.........              (no amulet)
HPRegen 0.09/turn               (no ring)
MPRegen 0.10/turn               (no ring)

@: lethally poisoned (0 -> -3), about to teleport, gold aura
A: fangs 1, strong nose, distributed training
a: Renounce Religion, Potion Petition, Call Merchant, Bribe Branch


You were on level 2 of the Dungeon.
You worshipped Gozag.
Gozag was noncommittal.
You visited 1 branch of the dungeon, and saw 2 of its levels.

You collected 91 gold pieces.

Inventory:

Hand Weapons
 a - a +2 dagger
 h - a +0 spear (weapon)
Missiles
 b - a curare-tipped dart (quivered)
 l - 5 javelins
Armour
 d - a +0 robe (worn)
Scrolls
 e - a scroll of identify
 f - a scroll of fog
 g - a scroll of enchant weapon {unknown}
 i - a scroll of brand weapon {unknown}
 j - a scroll of enchant armour {unknown}


   Skills:
 + Level 2.6 Fighting
 + Level 0.7 Short Blades
 + Level 0.7 Long Blades
 + Level 0.7 Axes
 + Level 0.7 Maces & Flails
 + Level 0.7 Polearms
 + Level 0.7 Staves
 + Level 0.7 Slings
 + Level 2.6 Bows
 + Level 0.7 Crossbows
 + Level 4.5 Throwing
 + Level 2.6 Armour
 + Level 0.7 Dodging
 + Level 0.7 Stealth
 + Level 0.7 Shields
 + Level 0.7 Unarmed Combat
 + Level 2.8 Spellcasting
 + Level 0.5 Conjurations
 + Level 0.5 Hexes
 + Level 0.5 Summonings
 + Level 0.5 Necromancy
 + Level 5.4 Translocations
 + Level 0.5 Transmutations
 + Level 0.5 Fire Magic
 + Level 0.5 Ice Magic
 + Level 0.5 Air Magic
 + Level 0.5 Earth Magic
 + Level 2.1 Poison Magic
 + Level 0.9 Invocations
 + Level 0.7 Evocations


You had 6 spell levels left.
You knew the following spells:

 Your Spells              Type           Power      Damage    Failure   Level
a - Apportation           Tloc           26%        N/A       3%          1

Your spell library contained the following spells:

 Spells                   Type           Power      Damage    Failure   Level
 Gell's Gravitas          Tloc           13%        N/A       9%          3


Dungeon Overview and Level Annotations

Branches:
Dungeon (2/15)

Altars:
Gozag
Beogh

Annotations:
D:2 Natasha


Innate Abilities, Weirdness & Mutations

You have very sharp teeth.
Your uncanny sense of smell can sniff out nearby items.
Your experience applies equally to all skills.


Message History

Aim: an adder (38% to hit)
You throw a boomerang of dispersal.
The boomerang of dispersal barely misses the adder.
The boomerang of dispersal hits the quokka!
The quokka blinks!
You kill the quokka!
Natasha wildly gestures.
You feel disoriented. The adder closely misses you.
Throw: boomerang (disperse)
Press: ? - help, Q - select action, (/) - cycle Shift-Dir - straight line, f/p - adder
Aim: an adder (38% to hit)
You throw a boomerang of dispersal.
The boomerang of dispersal closely misses the adder.
The boomerang of dispersal closely misses Natasha.
The adder bites you.
You are poisoned.
The adder poisons you!
Natasha casts a spell.
The adder bites you.
* * * LOW HITPOINT WARNING * * *
Throw: 2 darts (curare)
Press: ? - help, Q - select action, (/) - cycle Shift-Dir - straight line, f/p - adder
Aim: an adder (38% to hit)
You throw a curare-tipped dart.
The curare-tipped dart misses the adder.
The curare-tipped dart barely misses Natasha.
* * * LOW HITPOINT WARNING * * *
You feel sick. The adder bites you.
* * * LOW HITPOINT WARNING * * *
You aren't carrying any potions.
As you read the scroll labelled VIHAZ UDYO, it crumbles to dust.
It is a scroll of identify.
f - a scroll of fog
* * * LOW HITPOINT WARNING * * *
You feel sick. The adder barely misses you.
As you read the scroll of teleportation, it crumbles to dust.
You feel strangely unstable.
You die...
Your body crumbles into a pile of gold.

.#.#..### #.. .......#
##.. #.#..#.### ##.<.
#.##.....###.... ######
#....).......... #.....#
##........#....#.
.......###..##.........##.
....!..5##.###.#.##.#####.
..(....hS@.# #.#....# #.
...$..5.#### ......## .
.!....... ......... #
........## ......###..
......^## ..##...# #.
#.....# ######


You could see an iron imp (summoned), Natasha, a crimson imp (summoned) and an
adder.

Vanquished Creatures
  A dart slug (D:1)
  2 endoplasms (D:1)
  2 giant cockroaches (D:1)
  3 goblins (D:1)
  4 hobgoblins
  3 quokkas
  2 ball pythons (D:1)
  3 bats
  3 frilled lizards
  2 kobolds
  A rat (D:1)
26 creatures vanquished.

Notes
Turn   | Place    | Note
-------+----------+-------------------------------------------
     0 | D:1      | Ayyar the Gnoll Wanderer began the quest for the Orb.
     0 | D:1      | Ayyar set off with the following items: a +2 dagger, 2
                  | curare-tipped darts, a scroll of teleportation, a +0 robe;
                  | and the following spell memorised: Apportation; and the
                  | following spells available to memorise: Gell's Gravitas
     0 | D:1      | Reached XP level 1. HP: 17/17 MP: 4/4
   184 | D:1      | Reached XP level 2. HP: 17/23 MP: 5/5
   958 | D:1      | Found a faded altar of an unknown god.
   963 | D:1      | Prayed at the altar of an unknown god.
   963 | D:1      | Became a worshipper of Gozag Ym Sagoz the Greedy
  1130 | D:1      | Reached XP level 3. HP: 16/28 MP: 7/7
  1412 | D:2      | Noticed Natasha
  1431 | D:2      | HP: 1/28 [poisoned by an adder]
  1432 | D:2      | Succumbed to an adder's poison

Illustrated notes

Levels and vault maps discovered:
D:1:      onia_arrival_pyramid, layout_basic,
          hellmonk_ecumenical_altar_defaced_shrine
D:2:      layout_rooms, basic_altar, uniq_natasha

Skill      XL: |  1 |
---------------+----+-----
Poison Magic   | 2 |  2.1
Fighting       | |  2.6
Short Blades   | |  0.7
Long Blades    | |  0.7
Axes           | |  0.7
Maces & Flails | |  0.7
Polearms       | |  0.7
Staves         | |  0.7
Slings         | |  0.7
Bows           | |  2.6
Crossbows      | |  0.7
Throwing       | |  4.5
Armour         | |  2.6
Dodging        | |  0.7
Stealth        | |  0.7
Shields        | |  0.7
Unarmed Combat | |  0.7
Spellcasting   | |  2.8
Conjurations   | |  0.5
Hexes          | |  0.5
Summonings     | |  0.5
Necromancy     | |  0.5
Translocations | |  5.4
Transmutations | |  0.5
Fire Magic     | |  0.5
Ice Magic      | |  0.5
Air Magic      | |  0.5
Earth Magic    | |  0.5
Invocations    | |  0.9
Evocations     | |  0.7

Action                   || total
-------------------------++-------
Melee: Dagger            ||    31
       Bite              ||     5
       Spear             ||    89
Throw: Boomerang         ||     4
       Dart              ||     1
  Use: Scroll            ||     2
Armor: Robe              ||    20
Dodge: Dodged            ||    74

Table legend: (Time is in decaauts)
 A = Elapsed time spent in this place.
 B = Non-inter-level travel time spent in this place.
 C = Inter-level travel time spent in this place.
 D = Time resting spent in this place.
 E = Time spent auto-exploring this place.
 F = Levels seen in this place.
 G = Mean time per level.
                   A        B        C        D        E       F      G
               +--------+--------+--------+--------+--------+-----+--------+
         Total |   1437 |   1410 |     27 |      0 |   1175 |   2 |  718.5 |
       Dungeon |   1437 |   1410 |     27 |      0 |   1175 |   2 |  718.5 |
               +--------+--------+--------+--------+--------+-----+--------+

Top non-repeatable levels by time:
     D:1: 1310 daAuts
     D:2: 127 daAuts
